Map: [ESL] Goldenaura

Players

Maplez

  • Race: Protoss Protoss
  • Spawn Location: 5:00

HeroMarine - Winner!

  • Race: Terran Terran
  • Spawn Location: 12:00

Event: ESL SC2 Masters 2023 Winter (Finals)

VOD

Have the link to the VOD?

Description

Time

  • Played on: Dec. 15, 2023, 2:28 p.m.
  • Length: 10:16

All games in this series

Show
View Real Time Build Order
Export as new Build Order

Maplez Protoss 

Build Orders: 1 Gate Expand, Blink Stalkers 

Get SALT Encoding   

  12  0:00  Probe  
  13  0:12  Probe  
  14  0:17  Pylon  
  14  0:24  Probe (Chrono Boost)  
  16  0:37  Gateway, Probe (Chrono Boost)  
  16  0:42  Probe (Chrono Boost)  
  16  0:46  Assimilator  
  17  0:52  Probe  
  18  1:04  Probe  
  19  1:16  Probe  
  20  1:25  Cybernetics Core  
  22  1:32  Nexus  
  20  1:36  Probe  
  21  1:43  Pylon  
  21  1:48  Probe  
  21  1:51  Assimilator  
  22  1:59  Adept (Chrono Boost)  
  22  2:00  Probe  
  23  2:05  Warp Gate  
  24  2:12  Probe  
  25  2:19  Stalker (Chrono Boost)  
  27  2:24  Probe  
  28  2:37  Probe (Chrono Boost)  
  29  2:43  Twilight Council  
  29  2:46  Stalker  
  29  2:47  Probe (Chrono Boost)  
  33  2:54  Probe (Chrono Boost)  
  33  2:56  Probe (Chrono Boost)  
  34  3:01  Probe (Chrono Boost)  
  34  3:02  Probe (Chrono Boost)  
  34  3:03  Shield Battery  
  36  3:09  Gateway  
  36  3:13  Blink (Chrono Boost)  
  36  3:14  Probe x2  
  38  3:26  Probe  
  39  3:28  Probe  
  40  3:34  Robotics Facility  
  40  3:38  Probe  
  40  3:40  Pylon  
  40  3:41  Probe  
  42  3:50  Gateway, Probe  
  42  3:53  Probe  
  44  3:58  Gateway  
  44  4:02  Probe  
  44  4:04  Stalker  
  44  4:05  Probe  
  44  4:08  Stalker  
  50  4:15  Probe  
  51  4:17  Probe  
  51  4:19  Pylon  
  52  4:25  Warp Prism, Pylon  
  54  4:32  Probe  
  54  4:33  Assimilator  
  54  4:35  Pylon  
  54  4:41  Stalker x2  
  58  4:49  Assimilator  
  58  4:51  Probe  
  59  4:58  Stalker x2  
  63  5:02  Pylon  
  63  5:04  Observer  
  64  5:10  Stalker x2  
  64  5:13  Pylon  
  68  5:22  Stalker x2  
  68  5:26  Stalker  
  74  5:34  Nexus  
  68  5:44  Immortal (Chrono Boost)  
  68  5:46  Probe x2  
  72  5:54  Forge  
  70  6:06  Charge (Chrono Boost)  
  70  6:12  Stalker x4  
  78  6:21  Shield Battery  
  78  6:22  Protoss Ground Weapons Level 1 (Chrono Boost)  
  78  6:24  Pylon  
  78  6:27  Probe  
  78  6:32  Gateway  
  79  6:35  Sentry  
  79  6:36  Adept x2  
  85  6:40  Pylon  
  85  6:44  Observer  
  85  6:48  Assimilator  
  85  6:49  Pylon  
  85  6:53  Zealot  
  87  7:11  Zealot x3  
  87  7:15  Gateway  
  93  7:16  Gateway  
  93  7:17  Gateway  
  83  7:34  Stalker x5  
  83  7:48  Pylon  
  83  7:57  Zealot x5  
  93  8:07  Pylon  
  85  8:21  Zealot x8  
  91  8:51  Zealot x8  
  103  9:06  Observer  
  97  9:11  Zealot x5  
  95  9:19  Zealot x2  
  95  9:23  Sentry  
  101  9:38  Stalker x4  
  91  9:43  Zealot  
  83  9:51  Zealot x2  
  77  10:03  Zealot x3  
Show
View Real Time Build Order
Export as new Build Order

HeroMarine Terran - Winner!

Build Orders: Cyclone Opening 

Get SALT Encoding   

  12  0:00  SCV  
  13  0:12  SCV  
  14  0:17  Supply Depot  
  14  0:24  SCV  
  15  0:38  SCV  
  15  0:39  Barracks  
  16  0:43  Refinery  
  16  0:51  SCV  
  16  0:54  Refinery  
  17  1:03  SCV  
  18  1:15  SCV  
  19  1:26  Reaper  
  19  1:27  Orbital Command  
  19  1:28  Supply Depot  
  20  1:42  Factory  
  20  1:52  SCV  
  21  1:58  Reaper  
  22  2:04  SCV  
  23  2:18  Command Center, SCV  
  24  2:26  Cyclone  
  26  2:30  SCV  
  26  2:36  Barracks Reactor  
  27  2:39  Barracks  
  27  2:42  SCV  
  28  2:48  Supply Depot  
  28  2:54  SCV  
  29  3:02  Factory Tech Lab  
  29  3:06  SCV  
  29  3:10  Barracks  
  29  3:12  Marine x2  
  30  3:18  SCV  
  33  3:27  Factory Tech Lab  
  33  3:30  SCV  
  33  3:34  Orbital Command, Stimpack  
  34  3:36  Marine x3  
  37  3:42  SCV  
  38  3:51  Engineering Bay  
  38  3:54  SCV  
  41  3:55  Marauder  
  41  3:56  Marine x2  
  41  4:00  SCV  
  44  4:06  Combat Shield  
  44  4:07  SCV  
  44  4:09  Marauder  
  47  4:16  SCV  
  50  4:17  Marauder  
  50  4:19  SCV  
  50  4:22  Terran Infantry Weapons Level 1  
  50  4:24  Missile Turret  
  51  4:25  Marine  
  51  4:27  Marine  
  54  4:37  Supply Depot  
  54  4:41  Supply Depot  
  54  4:43  Factory Reactor  
  54  4:45  Marauder  
  54  4:48  Starport  
  54  4:52  Bunker  
  54  4:56  SCV  
  54  4:59  Marauder, SCV  
  57  5:01  Marine  
  57  5:02  Marine  
  57  5:04  Refinery  
  57  5:06  Marauder  
  61  5:09  SCV  
  61  5:11  Supply Depot, SCV  
  63  5:15  Concussive Shells  
  63  5:19  Supply Depot  
  63  5:21  Marauder  
  65  5:22  SCV  
  65  5:23  SCV  
  65  5:27  Marine  
  65  5:28  Marauder  
  70  5:33  Marine  
  70  5:34  SCV  
  70  5:35  SCV, Medivac x2  
  74  5:45  Marauder  
  74  5:46  SCV, Marine  
  74  5:47  SCV  
  74  5:49  Marauder, Refinery  
  81  5:58  SCV, Marine  
  81  5:59  SCV  
  83  6:04  Marine  
  83  6:10  Marauder  
  86  6:15  Command Center  
  86  6:16  Marauder, SCV x2, Medivac  
  86  6:17  Marine  
  93  6:22  Marine, Supply Depot  
  94  6:38  Terran Infantry Armor Level 1  
  94  6:43  Barracks x2  
  94  6:46  Factory Reactor, Supply Depot  
  95  6:47  Supply Depot  
  95  6:50  Marauder  
  95  6:51  Marauder  
  95  6:52  Marine x2  
  99  6:55  SCV x2  
  99  6:59  Supply Depot  
  101  7:07  SCV  
  101  7:08  SCV  
  103  7:10  Supply Depot  
  103  7:12  Medivac x2  
  107  7:16  Marauder  
  107  7:20  Marauder  
  111  7:24  Marine x2  
  111  7:28  SCV x2  
  107  7:31  Orbital Command  
  107  7:35  Barracks Reactor  
  107  7:36  Barracks Tech Lab  
  99  7:39  Widow Mine x2  
  99  7:42  Viking, Medivac  
  106  7:46  Marauder  
  106  7:49  Marauder  
  106  7:51  Marine x2  
  108  7:54  SCV x2  
  108  7:58  Orbital Command, Marauder  
  114  8:01  Ghost Academy  
  114  8:04  Widow Mine x2  
  118  8:11  Marauder x2  
  118  8:12  Medivac, Supply Depot  
  122  8:18  Marine x2  
  122  8:19  Marauder  
  119  8:24  SCV x2  
  119  8:26  SCV  
  120  8:36  Marine, SCV x2  
  120  8:38  SCV  
  120  8:40  Marine x2  
  119  8:48  SCV  
  119  8:49  SCV  
  119  8:51  SCV  
  125  8:56  Ghost  
  125  8:57  Ghost  
  125  8:58  Ghost  
  125  9:01  Marine x3, SCV  
  125  9:02  Marine  
  132  9:03  Orbital Command  
  132  9:04  SCV  
  117  9:13  SCV  
  103  9:19  Marine x3  
  103  9:20  Marine  
  103  9:23  Widow Mine x2  
  101  9:25  Marine x2  
  101  9:26  Marine  
  101  9:27  Medivac  
  101  9:30  Medivac  
  105  9:37  Marine x3  
  105  9:38  Marine  
  99  9:43  Marine x2  
  99  9:45  Marauder  
  102  9:48  Widow Mine  
  104  9:52  Widow Mine  
  104  9:54  Marine  
  104  9:55  Marine x2  
  104  9:59  SCV x2  
  101  10:00  SCV  
Tags
 
Add a new tag
Caveats
  • Supply blocks, unpowered buildings, or Contaminate may cause inaccurate times.
  • Supply counts are checked every 10 seconds.